 Dungeon Crawl Stone Soup version 0.30-a0-728-gc68057be0a (webtiles) character file.

Game seed: 10030827331031245750

49 QueenGhuleh the Chopper (level 3, 0/34 HPs)
             Began as a Minotaur Berserker on Jan 23, 2023.
             Was a Believer of Trog.
             Slain by Grinder (5 damage)
             ... while paralysed by Grinder
             ... on level 3 of the Dungeon on Jan 31, 2023.
             The game lasted 00:04:05 (1805 turns).

QueenGhuleh the Chopper (Minotaur Berserker)        Turns: 1805, Time: 00:04:06

Health: 0/34       AC:  6    Str: 23    XL:     3   Next: 53%
Magic:  2/2        EV:  2    Int:  4    God:    Trog [**....]
Gold:   92         SH:  0    Dex:  9    Spells: 2/2 levels left

rFire   . . .      SeeInvis .    a - +0 hand axe
rCold   . . .      Faith    +    (no shield)
rNeg    . . .      Spirit   .    b - +0 scale mail
rPois   .          Reflect  .    (helmet restricted)
rElec   .          Harm     .    (no cloak)
rCorr   .          Rampage  .    (no gloves)
Will    .....                    (no boots) Stlth
                                 c - amulet of faith
HPRegen 0.25/turn                (no ring)
MPRegen 0.08/turn                (no ring)

@: paralysed
A: horns 2, retaliatory headbutt
a: Renounce Religion, Berserk, Trog's Hand


You were on level 3 of the Dungeon.
You worshipped Trog.
Trog was pleased with you.
You visited 1 branch of the dungeon, and saw 3 of its levels.

You collected 92 gold pieces.

Inventory:

Hand Weapons
 a - a +0 hand axe (weapon)
Armour
 b - a +0 scale mail (worn)
Jewellery
 c - an amulet of faith (around neck)
Scrolls
 d - 2 scrolls of enchant weapon {unknown}
 f - 5 scrolls of identify {unknown}
 h - a scroll of amnesia {unknown}
 i - a scroll of noise {unknown}
 j - a scroll of fog {unknown}
Potions
 e - a potion of lignification {unknown}
 g - a potion of invisibility
 k - a potion of haste {unknown}
 l - a potion of resistance {unknown}
 m - a potion of flight {unknown}


   Skills:
 + Level 4.3 Fighting
 + Level 4.4 Axes
 + Level 2.7 Armour
 + Level 2.6 Dodging
 + Level 0.3 Stealth


You had 2 spell levels left.
You didn't know any spells.
Your spell library was empty.

Dungeon Overview and Level Annotations

Branches:
Dungeon (3/15)

Altars:

Shops:
D:1 !   D:2 [*?[

Annotations:
D:3 Grinder


Innate Abilities, Weirdness & Mutations

You have a pair of horns on your head.
You reflexively headbutt those who attack you in melee.


Message History

No target in view!
A ball python comes into view.
The ball python hisses angrily.
A ball python is nearby!
The ball python bites you but does no damage.
The ball python grabs you. The ball python constricts you.
You slash the ball python!
You kill the ball python!
Trog accepts your kill.
No target in view!
No target in view!
l - a smoky yellow potion
Found a stone staircase leading up.
m - a sapphire potion No target in view!
You open the door.
Grinder comes into view.
She is carrying a wand of flame (15).
Grinder shouts!
Grinder gestures at you. Pain shoots through your body!
There is an open door here.
Grinder is nearby!
Grinder zaps a wand.
The puff of flame hits you.
Grinder drinks a potion.
Grinder flickers and vanishes!
Deactivating autopickup; reactivate with Ctrl-A.
No target in view!
No target in view!
No target in view!
No target in view!
You slash something! Your headbutt misses something. Something hits you.
You writhe in agony.
You hit something. Something hits you but does no damage.
You hit something.
You suddenly lose the ability to move!
Something completely misses you. Something hits you!
* * * LOW HITPOINT WARNING * * *
Something hits you.
* * * LOW HITPOINT WARNING * * *
You writhe in agony.
You die...

........###.# #.#
............# #.#
............# #.###
##..###.....# #...# #
#.. #.##..#######.#
#.##..###.............#
............##########
.##..###'####
#..{@....# #.....$..#
#........# ........#.##
#.#######.# # #.# #.#
.#


There were no monsters in sight!

Vanquished Creatures
  2 dart slugs
  2 endoplasms
  2 giant cockroaches (D:1)
  2 goblins (D:1)
  6 hobgoblins
  5 jackals (D:1)
  4 kobolds
  A quokka (D:2)
  7 ball pythons
  4 bats
  4 frilled lizards
  4 rats (D:2)
43 creatures vanquished.

Notes
Turn   | Place    | Note
-------+----------+-------------------------------------------
     0 | D:1      | QueenGhuleh the Minotaur Berserker began the quest for the
                  | Orb.
     0 | D:1      | Reached XP level 1. HP: 19/19 MP: 0/0
    50 | D:1      | Found Umick's Distillery.
   187 | D:1      | Reached XP level 2. HP: 26/27 MP: 1/1
   465 | D:1      | Reached ** piety under Trog
   663 | D:1      | Reached XP level 3. HP: 28/33 MP: 2/2
  1006 | D:2      | Found Rouxkuaj's Magic Scroll Shoppe.
  1131 | D:2      | Found Tushies's Armour Shop.
  1236 | D:2      | Found Zetiroka's Assorted Antiques.
  1244 | D:2      | Upgraded the game from 0.30-a0-715-gdb4ae3ece1 to
                  | 0.30-a0-728-gc68057be0a
  1378 | D:2      | Found Jonkos's Armour Emporium.
  1796 | D:3      | Noticed Grinder
  1802 | D:3      | Paralysed by something for 4 turns
  1805 | D:3      | Slain by Grinder

Illustrated notes

Levels and vault maps discovered:
D:1:      minmay_arrival_three_doors, layout_basic, serial_shops, shop
D:2:      layout_loops_ring, serial_shops, shop, shop_scrolls,
          nicolae_shop_behind_doors, shop
D:3:      layout_basic, hellmonk_ecumenical_altar_pennies_from_heaven,
          uniq_grinder

Skill      XL: |  1  2 |
---------------+-------+-----
Fighting       | 4 |  4.3
Axes           | 4 |  4.4
Armour         | |  2.7
Dodging        | |  2.6
Stealth        | |  0.3

Action                     || total
---------------------------++-------
  Melee: Hand axe          ||   109
         Headbutt          ||    10
         Punch             ||     2
 Armour: Animal skin       ||    14
         Ring mail         ||     1
         Scale mail        ||    17
  Dodge: Dodged            ||    55

Table legend: (Time is in decaauts)
 A = Elapsed time spent in this place.
 B = Non-inter-level travel time spent in this place.
 C = Inter-level travel time spent in this place.
 D = Time resting spent in this place.
 E = Time spent auto-exploring this place.
 F = Levels seen in this place.
 G = Mean time per level.
                   A        B        C        D        E       F      G
               +--------+--------+--------+--------+--------+-----+--------+
         Total |   1814 |   1718 |     96 |      0 |   1398 |   3 |  604.7 |
       Dungeon |   1814 |   1718 |     96 |      0 |   1398 |   3 |  604.7 |
               +--------+--------+--------+--------+--------+-----+--------+

Top non-repeatable levels by time:
     D:1: 869 daAuts
     D:2: 840 daAuts
     D:3: 104 daAuts
